 Dungeon Crawl Stone Soup version 0.25.0-11-g1f837a76a1 (webtiles) character file.

Game seed: 12117220364061239174

259 xccam the Chopper (level 6, -3/35 HPs)
             Began as a Tengu Warper on June 26, 2020.
             Killed by divine providence
             ... invoked by an orc priest
              (11 damage)
             ... on level 4 of the Dungeon.
             The game lasted 00:04:16 (3276 turns).

xccam the Chopper (Tengu Warper)                    Turns: 3276, Time: 00:04:17

Health: -3/35      AC:  7    Str: 20    XL:     6   Next: 17%
Magic:  10/10      EV: 12    Int: 13    God:
Gold:   176        SH:  0    Dex: 13    Spells: 9/9 levels left

rFire    + . .     SeeInvis .   a - +1 hand axe
rCold    . . .     Gourm    .   (no shield)
rNeg     . . .     Faith    .   g - +2 ring mail {rF+}
rPois    +         Spirit   .   (helmet restricted)
rElec    .         Reflect  .   (no cloak)
rCorr    .         Harm     .   (no gloves)
MR       .....                  (boots unavailable)
Stlth    +.........             (no amulet)
HPRegen  0.11/turn              b - +6 ring of strength
MPRegen  0.12/turn              i - ring of poison resistance

@: no status effects
A: beak, talons 3, able to fly
a: Fly


You were on level 4 of the Dungeon.
You were hungry.

You visited 1 branch of the dungeon, and saw 4 of its levels.

You collected 176 gold pieces.

Inventory:

Hand Weapons
 a - a +1 hand axe (weapon)
Armour
 g - a +2 ring mail of fire resistance (worn)
Jewellery
 b - a +6 ring of strength (left hand)
 h - an uncursed ring of see invisible
 i - a ring of poison resistance (right hand)
Wands
 r - a wand of polymorph (11)
Scrolls
 d - a scroll of blinking
 k - 2 scrolls of amnesia
 m - 2 scrolls of identify
 n - a scroll of fog
 o - a scroll of immolation
Potions
 c - 3 potions of curing
 s - a potion of lignification
Comestibles
 f - 5 rations


   Skills:
 - Level 2.0 Fighting
 + Level 6.3 Axes
 - Level 1.0 Throwing
 + Level 2.1 Armour
 + Level 2.9 Dodging
 - Level 2.0 Spellcasting
   Level 2.4 Translocations


You had 9 spell levels left.
You didn't know any spells.
Your spell library contained the following spells:

 Spells                   Type           Power        Failure   Level  Hunger
 Blink                    Tloc           N/A          24%         2    ###....
 Shroud of Golubria       Chrm/Tloc      #.....       36%         2    ###....
 Gell's Gravitas          Tloc           #.........   43%         3    ####...
 Lesser Beckoning         Tloc           #.........   43%         3    ####...
 Teleport Other           Tloc           #.......     43%         3    ####...
 Passage of Golubria      Tloc           N/A          85%         4    #####..


Dungeon Overview and Level Annotations

Branches:
Dungeon (4/15)
 Temple: D:4-7

Altars:
Vehumet
Wu Jian


Innate Abilities, Weirdness & Mutations

You have a beak for a mouth.
You have claws for feet.
You can fly continuously.


Message History

Your kick misses the orc priest. You peck the orc priest.
The orc priest is moderately wounded.
The orc priest hits you with a +2 antimagic hand axe.
Unknown command.
You slash the orc priest! Your kick misses the orc priest.
The orc priest is severely wounded.
The orc priest invokes the aid of Beogh against you.
Pain shoots through your body!
* * * LOW HITPOINT WARNING * * *
Unknown command.
You closely miss the orc priest. Your peck misses the orc priest.
The orc priest is severely wounded.
The orc priest hits you but does no damage.
Unknown command.
You barely miss the orc priest.
You claw the orc priest, but do no damage.
The orc priest is severely wounded.
The orc priest calls down the wrath of Beogh upon you.
Beogh smites you!
You die...

#
....)...#.....#....#
........#..)..#...##
........###'###...##
.##.....##...##....+
#.....)....##...##
.............##...##
.....#####.).......#
.....#...).........#
.... #.###@o.......#
.....#. ##.##......#
.....#.##...#.....##
........._.......###
#.....#...##.#....#
#.....##.###.#....#
#........###.#....#
+............#....#
#........#####....#


You could see an orc priest.

Vanquished Creatures
  A phantom (D:3)
  A scorpion (D:4)
  An orc wizard (D:4)
  2 adders
  3 gnolls (D:4)
  2 dart slugs
  A leopard gecko (D:4)
  3 orcs
  2 giant cockroaches
  2 hobgoblins
  4 jackals (D:2)
  A quokka (D:3)
  2 ball pythons (D:3)
  8 bats
  A frilled lizard (D:1)
  5 goblins
  6 kobolds
  A leopard gecko skeleton (D:4)
  4 rats
50 creatures vanquished.

Notes
Turn   | Place    | Note
-------+----------+-------------------------------------------
     0 | D:1      | xccam the Tengu Warper began the quest for the Orb.
     0 | D:1      | Reached XP level 1. HP: 12/12 MP: 4/4
   887 | D:1      | Reached XP level 2. HP: 9/17 MP: 6/6
   960 | D:2      | Reached skill level 3 in Axes
  1164 | D:2      | Reached XP level 3. HP: 10/21 MP: 7/7
  1170 | D:2      | Reached skill level 4 in Axes
  1762 | D:3      | Noticed a phantom
  1840 | D:3      | Killed a phantom
  1840 | D:3      | Reached skill level 5 in Axes
  1840 | D:3      | Reached XP level 4. HP: 10/26 MP: 8/8
  1840 | D:3      | Gained mutation: You can fly continuously. [Tengu growth]
  1840 | D:3      | Reached XP level 5. HP: 11/30 MP: 9/9
  2465 | D:3      | Found a radiant altar of Vehumet.
  3014 | D:4      | Found an ornate altar of the Wu Jian Council.
  3134 | D:4      | Reached skill level 6 in Axes
  3171 | D:4      | Reached XP level 6. HP: 33/35 MP: 10/10
  3276 | D:4      | Killed from afar by an orc priest

Illustrated notes

Levels and vault maps discovered:
D:1:      lightli_arrival_lavapool, layout_loops_cross, serial_forest,
          infiniplex_forest_end_3, infiniplex_forest_straight_5,
          infiniplex_forest_straight_4, infiniplex_forest_join,
          infiniplex_forest_clump_diagonal, infiniplex_forest_lined_2,
          infiniplex_forest_lined_1, minivault_5
D:2:      layout_rooms, chequers_serial_rivers_micro_b
D:3:      layout_basic, overflow_temple_1_default, hex_large,
          kennysheep_minor_cross
D:4:      layout_gridville, nicolae_overflow_crystal_walls,
          minmay_temple_entry_glass, nicolae_ossuary_entry_monument,
          minmay_misc_feat_alley

Skill      XL: |  1  2  3  4  5  6 |
---------------+-------------------+-----
Axes           | 3 5 6 |  6.3
Armour         | 2 |  2.1
Fighting       | |  2.0
Throwing       | |  1.0
Dodging        | |  2.9
Spellcasting   | |  2.0
Translocations | |  2.4

Action                   |  1- 3 |  4- 6 || total
-------------------------+-------+-------++-------
Melee: Hand axe          |    95 |    72 ||   167
       Kick              |    17 |    19 ||    36
       Peck              |     4 |    12 ||    16
Throw: Boomerang         |     5 |       ||     5
  Use: Scroll            |     6 |     3 ||     9
       Potion            |     3 |     1 ||     4
  Eat: Chunk             |     3 |     4 ||     7
Armor: Leather armour    |    24 |     1 ||    25
       Skin              |    18 |       ||    18
       Ring mail         |       |    10 ||    10
Dodge: Dodged            |    61 |    37 ||    98
